 Dungeon Crawl Stone Soup version 0.19-a0-36-g4a0968a (webtiles) character file.

22 Steelers13 the Chopper (level 2, -2/27 HPs)
             Began as a Minotaur Berserker on May 3, 2016.
             Was a Follower of Trog.
             Slain by an orc wizard
             ... wielding a +0 dagger
              (3 damage)
             ... on level 3 of the Dungeon.
             The game lasted 00:05:22 (301 turns).

Steelers13 the Chopper (Minotaur Berserker)          Turns: 301, Time: 00:05:22

Health: -2/27      AC:  2    Str: 21    XL:     2   Next: 68%
Magic:  1/1        EV: 12    Int:  4    God:    Trog [*.....]
Gold:   15         SH:  0    Dex:  9    Spells: 0 memorised, 1 level left

rFire  . . .     SeeInvis .     e - +0 halberd
rCold  . . .     Gourm    .     b - +0 animal skin
rNeg   . . .     Faith    .     (shield currently unavailable)
rPois  .         Spirit   .     (helmet restricted)
rElec  .         Dismiss  .     (no cloak)
rCorr  .         Reflect  .     (no gloves)
SustAt .         Harm     .     (no boots)
MR     .....                    (no amulet)
Stlth  +.........               (no ring)
                                (no ring)

@: slowed, very slow, not resistant to hostile enchantments, very unstealthy
A: retaliatory headbutt, horns 2
a: Berserk, Burn Spellbooks, Renounce Religion


You were on level 3 of the Dungeon.
You worshipped Trog.
Trog was aware of your devotion.
You were not hungry.

You visited 1 branch of the dungeon, and saw 3 of its levels.

You collected 15 gold pieces.

Inventory:

Hand Weapons
 a - a +0 hand axe
 e - a +0 halberd (weapon)
 h - a +0 short sword
Armour
 b - a +0 animal skin (worn)
 g - a +0 leather armour
Scrolls
 d - a scroll of remove curse {unknown}
 i - a scroll of recharging {unknown}
 l - a scroll of identify {unknown}
 m - a scroll of teleportation {unknown}
Books
 k - a book of Unlife

   Spells                             Type                      Level
   a - Recall                         Summoning/Translocation      3
   b - Animate Dead                   Necromancy                   4
   c - Control Undead                 Necromancy                   4
   d - Cigotuvi's Embrace             Necromancy                   5
   e - Death Channel                  Necromancy                   6
   f - Simulacrum                     Ice/Necromancy               6
   Trog disapproves of the use of such an item.
Comestibles
 c - a bread ration
 f - 3 chunks of flesh
 j - a meat ration


   Skills:
 + Level 4.1 Fighting
 + Level 4.1 Axes
 + Level 2.6 Armour
 + Level 2.5 Dodging


You had one spell level left.
You didn't know any spells.

Dungeon Overview and Level Annotations

Branches:
Dungeon (3/15)

Altars:


Innate Abilities, Weirdness & Mutations

You reflexively headbutt those who attack you in melee.
You have a pair of horns on your head.


Message History

Save game and exit? [Y]es or [N]o only, please.
Save game and exit? [Y]es or [N]o only, please.
Save game and exit? [Y]es or [N]o only, please.
Save game and exit? [Y]es or [N]o only, please.
Save game and exit?
Okay, then.
You hit the orc. You headbutt the orc.
You kill the orc!
Trog accepts your kill. The orc hits you with a war axe.
* * * LOW HITPOINT WARNING * * *
The orc barely misses you. The orc wizard hits you with a dagger.
* * * LOW HITPOINT WARNING * * *
The orc closely misses you. You furiously retaliate!
You headbutt the orc. The orc barely misses you.
The orc wizard hits you with a dagger.
You die...

....... ..>..
....# ...#
...###
##+#..?.
#..$.# #.o@.#
#.o)o##o# ##
#(......# ..
#...#####.#
##........#
####....####
...........+
######.....###
#...<......#


You could see an orc wizard and 2 orcs.

Vanquished Creatures
  A gnoll (D:1)
  An orc (D:3)
  2 giant cockroaches
  A bat (D:2)
  4 kobolds (D:1)
  3 rats
12 creatures vanquished.

Notes
Turn   | Place    | Note
--------------------------------------------------------------
     0 | D:1      | Steelers13 the Minotaur Berserker began the quest for the Orb.
     0 | D:1      | Reached XP level 1. HP: 19/19 MP: 0/0
    23 | D:1      | Reached XP level 2. HP: 16/27 MP: 1/1
   142 | D:2      | Found a faded altar to an unknown god.
   301 | D:3      | HP: 1/27 [orc wizard/dagger (1)]
   301 | D:3      | Slain by an orc wizard

Vault maps used:
D:1:      lightli_arrival_boilingwater
D:2:      ecumenical_altar_2, minmay_misc_feat_tower,
          nemelex_lonely_heart_becter
D:3:      uniq_grinder, uniq_terence, uniq_crazy_yiuf_cottage

Skill      XL: |  1  2 |
---------------+-------+-----
Axes           | 4 |  4.1
Fighting       | 4 |  4.1
Armour         | |  2.6
Dodging        | |  2.5

Action                   || total
-------------------------++-------
Melee: Hand axe          ||    11
       Halberd           ||    13
       Headbutt          ||     5
Armor: Animal skin       ||    12
Dodge: Dodged            ||    39
